 Dungeon Crawl Stone Soup version 0.28-a0-577-gb193047a1f (webtiles) character file.

Game seed: 13020807293058152406

21 iamoutofideas the Chopper (level 2, 25/27 HPs)
             Began as a Hill Orc Berserker on Oct 2, 2021.
             Was a Follower of Trog.
             Quit the game on level 1 of the Dungeon.
             The game lasted 00:00:28 (986 turns).

iamoutofideas the Chopper (Hill Orc Berserker)       Turns: 986, Time: 00:00:29

Health: 25/27      AC:  2    Str: 19    XL:     2   Next: 83%
Magic:  11/11      EV: 12    Int:  7    God:    Trog [*.....]
Gold:   40         SH:  0    Dex: 10    Spells: 1/1 levels left

rFire   . . .      SeeInvis .   a - +0 hand axe
rCold   . . .      Faith    .   (no shield)
rNeg    . . .      Spirit   .   b - +0 animal skin
rPois   .          Reflect  .   (no helmet)
rElec   .          Harm     .   (no cloak)
rCorr   .          Rampage  .   (no gloves)
Will    .....                   (no boots)
Stlth   +.........              (no amulet)
HPRegen 0.09/turn               c - ring of magical power
MPRegen 0.12/turn               (no ring)

@: no status effects
A: no striking features
a: Renounce Religion, Berserk


You were on level 1 of the Dungeon.
You worshipped Trog.
Trog was aware of your devotion.
You visited 1 branch of the dungeon, and saw 1 of its levels.

You collected 40 gold pieces.

Inventory:

Hand Weapons
 a - a +0 hand axe (weapon)
Armour
 b - a +0 animal skin (worn)
Jewellery
 c - a ring of magical power (left hand)
Scrolls
 d - 2 scrolls of immolation {unknown}
 f - a scroll of torment {unknown}
Potions
 e - a potion of attraction {unknown}


   Skills:
 + Level 4.1 Fighting
 + Level 4.6 Axes
 + Level 2.4 Armour
 + Level 1.6 Dodging


You had one spell level left.
You didn't know any spells.
Your spell library was empty.

Dungeon Overview and Level Annotations

Branches:
Dungeon (1/15)

Altars:


Message History

You open the door.
There is an open door here.
You open the door.
There is an open door here.
You open the door.
There is an open door here.
A rat comes into view.
A rat is nearby!
You hit the rat.
You kill the rat!
Trog accepts your kill.
You see here a rat corpse.
A frilled lizard comes into view.
The frilled lizard hisses angrily.
A quokka comes into view.
There are monsters nearby!
The frilled lizard closely misses you.
There are monsters nearby!
You hit the frilled lizard.
You kill the frilled lizard!
Trog accepts your kill.
A quokka is nearby!
A quokka is nearby!
The quokka bites you.
A quokka is nearby!
You hit the quokka.
The quokka is almost dead.
The quokka barely misses you.
You hit the quokka but do no damage.
The quokka is almost dead.
The quokka bites you. The quokka barely misses you.
You miss the quokka.
The quokka is almost dead.
The quokka barely misses you.
You hit the quokka.
You kill the quokka!
Trog accepts your kill.
Are you sure you want to abandon this character and quit the game? (Confirm with "yes".)
Okay, then.
Are you sure you want to abandon this character and quit the game? (Confirm with "yes".)

..........##...#
..........###'##
########### #.#
#.# ##########.#
######.......†..#
........#########
######..#
.......@#
#######.# #.# #.#
#.# #.# #.# ..#


There were no monsters in sight!

Vanquished Creatures
  2 ball pythons (D:1)
  A bat (D:1)
  5 endoplasms (D:1)
  3 hobgoblins (D:1)
  A quokka (D:1)
  2 frilled lizards (D:1)
  4 rats (D:1)
18 creatures vanquished.

Notes
Turn   | Place    | Note
-------+----------+-------------------------------------------
     0 | D:1      | iamoutofideas the Hill Orc Berserker began the quest for
                  | the Orb.
     0 | D:1      | Reached XP level 1. HP: 19/19 MP: 1/1
   328 | D:1      | Reached XP level 2. HP: 20/27 MP: 2/2
   986 | D:1      | Quit the game

Illustrated notes

Levels and vault maps discovered:
D:1:      wander_arrival_desolate, layout_basic

Skill      XL: |  1  2 |
---------------+-------+-----
Fighting       | 4 |  4.1
Axes           | |  4.6
Armour         | |  2.4
Dodging        | |  1.6

Action                   || total
-------------------------++-------
Melee: Hand axe          ||    42
Armor: Animal skin       ||     2
Dodge: Dodged            ||    21

Table legend: (Time is in decaauts)
 A = Elapsed time spent in this place.
 B = Non-inter-level travel time spent in this place.
 C = Inter-level travel time spent in this place.
 D = Time resting spent in this place.
 E = Time spent auto-exploring this place.
 F = Levels seen in this place.
 G = Mean time per level.
                   A        B        C        D        E       F      G
               +--------+--------+--------+--------+--------+-----+--------+
         Total |    989 |    989 |      0 |     96 |    789 |   1 |  989.0 |
       Dungeon |    989 |    989 |      0 |     96 |    789 |   1 |  989.0 |
               +--------+--------+--------+--------+--------+-----+--------+

Top non-repeatable levels by time:
     D:1: 989 daAuts
